Description

Copy of a build already published, fixed to allow for SALT encoding.

VOD

https://youtu.be/JpBiF0vMOsQ?si=CwPc_HRuPu_p0Hhm&t=428

Build Order

Get SALT Encoding   

  14  0:18  Supply Depot  
  16  0:41  Barracks  
  16  0:44  Refinery  
  20  1:28  Orbital Command  
  20  1:29  Reaper  
  20  1:42  Command Center  2nd cc
  21  1:54  Supply Depot  
  21  2:00  Marine  
  24  2:18  Factory  
  24  2:21  Barracks Reactor  
  24  2:20  Action  scout third hatch timing with reaper
  27  2:55  Command Center  3rd cc
  27  3:03  Starport  swap barracks and factory
  27  3:07  Orbital Command  
  28  3:13  Refinery  
  32  3:20  Hellion  build 6 hellions
  33  3:24  Tech Lab  
  43  3:50  Viking  snipe overlords
  45  4:00  Action  scout for roach / all in or eco
  60  4:41  Hellion  attack with 6 hellions
  60  5:00  Engineering Bay  build marine medivac army barracks / 2x eng bay
Spawning Tool Build Advisor. Get it on Overwolf

Go to:

Details

  • Created by: immadawalrus
  • Published on: Jun 07, 2025
  • Modified on: Jun 07, 2025
  • Patch: 5.0.11
  • Difficulty: Medium
Show
View Real Time Build Order
Export as new Build Order

Comments (0)

There are no comments. Be the first!

Create an account to comment!